 Dungeon Crawl Stone Soup version 0.17.1-3-g152610e (webtiles) character file.

9 Jerry the Stinger (level 2, -4/23 HPs)
             Began as a Formicid Wanderer on Mar 8, 2016.
             Slain by a gnoll
             ... wielding a +0 club
              (7 damage)
             ... on level 1 of the Dungeon.
             The game lasted 00:02:18 (271 turns).

Jerry the Stinger (Formicid Wanderer)                Turns: 271, Time: 00:02:18

Health: -4/23      AC:  5    Str: 15    XL:     2   Next: 25%
Magic:  3/3        EV: 10    Int: 10    God:
Gold:   32         SH:  0    Dex: 12    Spells: 1 memorised, 2 levels left

rFire  . . .     SeeInvis +     d - +0 club
rCold  . . .     Clarity  .     c - +0 ring mail
rNeg   . . .     SustAt   .     (no shield)
rPois  .         Gourm    .     (helmet unavailable)
rElec  .         Spirit   .     (no cloak)
rCorr  .         Warding  .     (no gloves)
rMut   .         Stasis   +     (no boots)
MR     .....                    (no amulet)
Stlth  +.........               (no ring)
                                (no ring)

@: not resistant to hostile enchantments, very unstealthy
A: permanent stasis, dig shafts and tunnels, four strong arms, antennae 3
a: Dig, Shaft Self


You were on level 1 of the Dungeon.
You were not hungry.

You visited 1 branch of the dungeon, and saw 1 of its levels.

You collected 32 gold pieces.

Inventory:

Hand Weapons
 d - a +0 club (weapon)
 e - a +0 dagger
Armour
 c - a +0 ring mail (worn)
 k - a +0 cloak
Scrolls
 i - a scroll of immolation {unknown}
 l - a scroll of identify {unknown}
Potions
 g - a potion of heal wounds {unknown}
Books
 a - a book of Minor Magic

   Spells                             Type                      Level
   a - Magic Dart                     Conjuration                  1
   b - Blink                          Translocation                2
   c - Call Imp                       Summoning                    2
   d - Repel Missiles                 Charms/Air                   2
   e - Slow                           Hexes                        2
   f - Conjure Flame                  Conjuration/Fire             3
   g - Mephitic Cloud                 Conjuration/Poison/Air       3
 b - the Volume of Poison

   Spells                             Type                      Level
   a - Sting                          Conjuration/Poison           1
   b - Cure Poison                    Poison                       2
Comestibles
 f - a bread ration


   Skills:
 + Level 2.4 Fighting
   Level 1.0 Crossbows
 + Level 2.2 Armour
 + Level 1.1 Dodging
 - Level 2.4 Stealth
 - Level 1.1 Spellcasting
 - Level 2.6 Poison Magic


You had 2 spell levels left.
You knew the following spells:

 Your Spells              Type           Power        Failure   Level  Hunger
a - Sting                 Conj/Pois      #...         38%         1    ##.....


Dungeon Overview and Level Annotations

Branches:
Dungeon (1/15)

Altars:


Innate Abilities, Weirdness & Mutations

You are under a permanent stasis effect.
You can dig through walls and to a lower floor.
Your four strong arms can wield two-handed weapons with a shield.
You have a pair of large antennae on your head (SInv).


Message History

A gnoll is nearby!
You are too injured to fight recklessly!
A gnoll is nearby!
You are too injured to fight recklessly!
A gnoll is nearby!
You are too injured to fight recklessly!
A gnoll is nearby!
Drink which item? (? for menu, Esc to quit)
Okay, then.
As you read the scroll labeled ZONLEW TUGO, it crumbles to dust.
You feel a strange sense of stasis.
It was a scroll of teleportation.
Read which item? (? for menu, Esc to quit)
As you read the scroll labeled QIFONG RAG DIRCH, it crumbles to dust.
Forget which spell ([?*] list [ESC] exit)?
Forget which spell ([?*] list [ESC] exit)?
You don't know that spell.
Forget which spell ([?*] list [ESC] exit)?
Okay, then.
It was a scroll of amnesia.
The gnoll hits you with a club!
You die...

###.........# #.#
#..###..#.# #..
##..###..#.#######.# ..
#...................
....####.###.#.##.###......
.........# #...##.# #.###..
....###$.###.####.# #.# #..
. #......# #.# #.# ###
#.##@### #.# #.# # #.##g#
#.# #.# # #.#... ..# #.# #
#.#..## ### #.# # ..#..#
#.# # ###..# # ...# ....
##.. ..>. ##.## ####


You could see a gnoll.

Vanquished Creatures
  3 bats (D:1)
  5 kobolds (D:1)
8 creatures vanquished.

Notes
Turn   | Place    | Note
--------------------------------------------------------------
     0 | D:1      | Jerry the Formicid Wanderer began the quest for the Orb.
     0 | D:1      | Jerry set off with: a book of Minor Magic, the Volume of Poison, a +0 ring mail, a +0 club, a +0 dagger, a bread ration
     0 | D:1      | Reached XP level 1. HP: 16/16 MP: 2/2
    25 | D:1      | Learned a level 1 spell: Sting
   210 | D:1      | Reached XP level 2. HP: 20/23 MP: 3/3
   211 | D:1      | Reached skill level 1 in Dodging
   271 | D:1      | Slain by a gnoll

Action                   || total
-------------------------++-------
Melee: Club              ||    32
 Cast: Sting             ||     1
  Use: Scroll            ||     2
